 Dungeon Crawl Stone Soup version 0.26-a0-812-g31a745ddcd (webtiles) character file.

Game seed: 7448673635996290688

60 MalarOregon the Charlatan (level 3, -1/29 HPs)
             Began as a Draconian Artificer on Nov 18, 2020.
             Shot with an arrow by a centaur (5 damage)
             ... on level 3 of the Dungeon.
             The game lasted 00:03:27 (2254 turns).

MalarOregon the Charlatan (Draconian Artificer)     Turns: 2254, Time: 00:03:28

Health: -1/29      AC:  7    Str: 14    XL:     3   Next: 80%
Magic:  3/3        EV:  8    Int: 17    God:
Gold:   166        SH: 10    Dex: 12    Spells: 2/2 levels left

rFire    . . .     SeeInvis +   r - +0 mace
rCold    . . .     Faith    .   y - +0 tower shield
rNeg     . . .     Spirit   .   (armour unavailable)
rPois    .         Reflect  .   (helmet restricted)
rElec    .         Harm     .   i - +0 cloak
rCorr    .         Rampage  .   (no gloves)
MR       .....                  v - +0 pair of boots
Stlth    ++........             e - amulet of regeneration
HPRegen  0.49/turn              f - +6 ring of intelligence
MPRegen  0.08/turn              z - ring of see invisible

@: mighty
A: unfitting armour, cold-blooded, AC +5
a: no special abilities


You were on level 3 of the Dungeon.
You visited 1 branch of the dungeon, and saw 3 of its levels.

You collected 166 gold pieces.

Inventory:

Hand Weapons
 r - a +0 mace (weapon)
   (You found it on level 1 of the Dungeon)
Missiles
 b - 93 stones (quivered)
 g - 36 arrows
 A - 52 sling bullets
Armour
 i - a +0 cloak (worn)
   (You found it on level 1 of the Dungeon)
 v - a +0 pair of boots (worn)
   (You found it on level 2 of the Dungeon)
 y - a +0 tower shield (worn)
   (You found it on level 2 of the Dungeon)
Jewellery
 e - an amulet of regeneration (around neck)
   (You found it on level 2 of the Dungeon)
 f - a +6 ring of intelligence (left hand)
   (You found it on level 1 of the Dungeon)
 z - a ring of see invisible (right hand)
   (You found it on level 1 of the Dungeon)
Wands
 c - a wand of enslavement (15)
 d - a wand of random effects (15)
 t - a wand of flame (15)
Scrolls
 h - a scroll of identify {unknown}
 j - a scroll of fear {unknown}
 k - a scroll of noise {unknown}
 p - a scroll of enchant weapon {unknown}
 s - a scroll of teleportation {unknown}
 w - 2 scrolls of remove curse {unknown}
Potions
 a - a potion of mutation {unknown}
 l - 2 potions of degeneration {unknown}
 m - a potion of lignification {unknown}
 n - a potion of brilliance {unknown}
 o - 2 potions of curing {unknown}
 q - a potion of cancellation {unknown}
 u - a potion of heal wounds {unknown}
 x - a potion of might


   Skills:
 + Level 2.2 Fighting
 + Level 2.6 Dodging
 + Level 1.9 Stealth
 + Level 0.2 Shields
 + Level 3.5 Evocations


You had 2 spell levels left.
You didn't know any spells.
Your spell library was empty.

Dungeon Overview and Level Annotations

Branches:
Dungeon (3/15)

Altars:
Gozag

Annotations:
D:3 exclusion: centaur


Innate Abilities, Weirdness & Mutations

Your plain brown scales are hard. (AC +5)
You cannot fit into any form of body armour.
You are cold-blooded and may be slowed by cold attacks.


Message History

You hit the bat.
You kill the bat!
You block the bat's attack. x2
You hit the bat.
You kill the bat!
No target in view!
No target in view!
You now have 166 gold pieces (gained 14).
There is a stone staircase leading up here.
Found 27 stones.
Found a brown potion.
A centaur comes into view.
You see here a shiny buckler.
Unknown command.
Here: a centaur, quivering 14 arrows (asleep)
A fountain of clear blue water.
An orc comes into view. It is wielding a +0 flail.
An orc is nearby!
You start waiting.
An orc is nearby!
There is a stone staircase leading up here.
An orc comes into view.
You closely miss the orc.
The orc shouts!
The orc hits you with a +0 flail.
You hit the orc. You block the orc's attack.
You hit the orc.
You kill the orc!
The orc hits you but does no damage.
An orc comes into view.
An orc comes into view. It is wielding a +0 whip.
The orc barely misses you.
The orc shouts! x2
You thump the orc!
You kill the orc!
You barely miss the orc. You tail-slap the orc. You block the orc's attack.
The centaur shouts!
You hit the orc.
The centaur wields a +0 shortbow.
The centaur shoots an arrow.
The arrow hits you. The orc barely misses you.
The centaur shoots an arrow.
You block the arrow. The orc hits you but does no damage. The orc hits you.
The centaur shoots an arrow.
The arrow hits you!
Ouch! That really hurt!
* * * LOW HITPOINT WARNING * * *
There is a stone staircase leading up here.
You see here an arrow.
Unknown command.
It was a potion of might.
You feel very mighty all of a sudden. You block the orc's attack.
The centaur shoots an arrow.
The arrow hits you.
You die...

#.# #.# #c# # #.
###.####.# #.
#........##
#.####..........
#.#.#......####.##
#......o.## # #
##.##o@.#
#...##.##...##
#............#
###.##.##...†####
#.##.##.........
#........#######
####.....# #######


You could see a centaur and 2 orcs.

Vanquished Creatures
  An ooze (D:1)
  An adder skeleton (D:2)
  A dart slug (D:2)
  2 leopard geckos (D:1)
  2 orcs (D:3)
  A ball python (D:1)
  A giant cockroach (D:2)
  5 goblins
  8 hobgoblins
  4 jackals (D:1)
  6 bats
  3 frilled lizards
  5 kobolds
  3 rats
43 creatures vanquished.

Vanquished Creatures (others)
  A withered plant (D:2)
1 creature vanquished.

Grand Total: 44 creatures vanquished

Notes
Turn   | Place    | Note
-------+----------+-------------------------------------------
     0 | D:1      | MalarOregon the Draconian Artificer began the quest for the
                  | Orb.
     0 | D:1      | Reached XP level 1. HP: 16/16 MP: 1/1
   204 | D:1      | Reached skill level 1 in Stealth
   393 | D:1      | Reached XP level 2. HP: 23/23 MP: 2/2
  1075 | D:1      | Reached XP level 3. HP: 25/29 MP: 3/3
  2041 | D:2      | Found an opulent altar of Gozag.
  2227 | D:3      | Noticed a centaur
  2254 | D:3      | Shot with an arrow by a centaur

Illustrated notes

Levels and vault maps discovered:
D:1:      elethiomel_arrival_maze, layout_basic, grunt_decor_cap,
          minmay_misc_feat_roman
D:2:      layout_rooms, serial_undead, serial_undead_c, serial_undead_d,
          serial_undead_e, serial_undead_b, grunt_gozag_statues
D:3:      layout_loops_ring, xom_redecorated, uniq_robin,
          uniq_crazy_yiuf_cottage, uniq_ijyb

Skill      XL: |  1  2  3 |
---------------+----------+-----
Stealth        | 1 |  1.9
Fighting       | 2 |  2.2
Dodging        | |  2.6
Shields        | |  0.2
Evocations     | |  3.5

Action                   || total
-------------------------++-------
Melee: Short sword       ||    99
       Club              ||     5
       Tailslap          ||    10
       Mace              ||    41
Throw: Stone             ||    11
  Use: Potion            ||     1
 Stab: Sleeping          ||     4
Armor: Skin              ||    37
Dodge: Dodged            ||    88
Block: Tower shield      ||    10

Table legend: (Time is in decaauts)
 A = Elapsed time spent in this place.
 B = Non-inter-level travel time spent in this place.
 C = Inter-level travel time spent in this place.
 D = Time resting spent in this place.
 E = Time spent auto-exploring this place.
 F = Levels seen in this place.
 G = Mean time per level.
                   A        B        C        D        E       F      G
               +--------+--------+--------+--------+--------+-----+--------+
         Total |   2284 |   2191 |     93 |    326 |   1462 |   3 |  761.3 |
       Dungeon |   2284 |   2191 |     93 |    326 |   1462 |   3 |  761.3 |
               +--------+--------+--------+--------+--------+-----+--------+

Top non-repeatable levels by time:
     D:1: 1741 daAuts
     D:2: 489 daAuts
     D:3: 53 daAuts
